 Dungeon Crawl Stone Soup version 0.29.1-1-gd02db6906a (webtiles) character file.

Game seed: 4544152392530777291

22 GeoRichter the Cudgeller (level 2, -8/22 HPs)
             Began as a Demonspawn Warper on Oct 22, 2022.
             Killed by nerve-wracking pain
             ... invoked by Jessica
              (12 damage)
             ... on level 2 of the Dungeon.
             The game lasted 00:02:47 (1086 turns).

GeoRichter the Cudgeller (Demonspawn Warper)        Turns: 1086, Time: 00:02:48

Health: -8/22      AC:  6    Str: 11    XL:     2   Next: 68%
Magic:  5/5        EV: 10    Int: 14    God:
Gold:   37         SH:  4    Dex: 12    Spells: 4/5 levels left

rFire   . . .      SeeInvis .   a - +0 mace
rCold   . . .      Faith    .   (no shield)
rNeg    . . .      Spirit   .   i - +0 ring mail
rPois   .          Reflect  .   (no helmet)
rElec   .          Harm     .   (no cloak)
rCorr   .          Rampage  .   g - +0 pair of gloves
Will    .....                   (no boots)
Stlth   +.........              (no amulet)
HPRegen 0.07/turn               (no ring)
MPRegen 0.09/turn               (no ring)

@: slowed, very slow
A: condensation shield
a: no special abilities


You were on level 2 of the Dungeon.
You visited 1 branch of the dungeon, and saw 2 of its levels.

You collected 37 gold pieces.

Inventory:

Hand Weapons
 a - a +0 mace (weapon)
Missiles
 d - 7 boomerangs of dispersal (quivered) {!f}
Armour
 b - a +0 leather armour
 g - a +0 pair of gloves (worn)
   (You found it on level 1 of the Dungeon)
 i - a +0 ring mail (worn)
   (You found it on level 1 of the Dungeon)
Scrolls
 c - a scroll of blinking
 e - a scroll of amnesia {unknown}
 f - a scroll of magic mapping {unknown}
 h - a scroll of vulnerability {unknown}
 l - a scroll of identify {unknown}
 m - a scroll of teleportation {unknown}
Potions
 j - a potion of attraction {unknown}
 k - a potion of curing {unknown}


   Skills:
 - Level 2.0 Fighting
 * Level 2.8 Maces & Flails
 - Level 0.8 Throwing
 - Level 0.8 Armour
 - Level 1.7 Dodging
 - Level 2.0 Spellcasting
 - Level 0.7 Necromancy
 - Level 2.6 Translocations


You had 4 spell levels left.
You knew the following spells:

 Your Spells              Type           Power      Damage    Failure   Level
a - Necrotise             Necr           12%        1d4       38%         1

Your spell library contained the following spells:

 Spells                   Type           Power      Damage    Failure   Level
 Blink                    Tloc           16%        N/A       28%         2
 Gell's Gravitas          Tloc           8%         N/A       50%         3
 Lesser Beckoning         Tloc           8%         N/A       50%         3
 Teleport Other           Tloc           8%         N/A       50%         3
 Portal Projectile        Hex/Tloc       10%        N/A       69%         3
 Vampiric Draining        Necr           3%         2d6       77%         3
 Call Canine Familiar     Summ           1%         N/A       86%         3
 Leda's Liquefaction      Hex/Erth       0%         N/A       99%         4
 Manifold Assault         Tloc           8%         N/A       99%         5
 Agony                    Necr           3%         N/A       100%        5


Dungeon Overview and Level Annotations

Branches:
Dungeon (2/15) Zot: 10886

Altars:

Annotations:
D:2 Jessica


Innate Abilities, Weirdness & Mutations

A meltable shield of frost defends you. (SH +4)


Message History

You hit the giant cockroach but do no damage.
You block the giant cockroach's attack. The giant cockroach barely misses you.
You closely miss the giant cockroach.
The giant cockroach completely misses you.
You hit the giant cockroach.
You kill the giant cockroach!
No target in view!
Done exploring.
Done exploring.
Done exploring.
No target in view!
There is a stone staircase leading down here.
You climb downwards.
There is a stone staircase leading up here.
A bat comes into view.
A bat is nearby!
The bat misses you. The bat hits you.
You hit the bat.
You kill the bat!
No target in view!
No target in view!
Jessica the Apprentice Sorceress comes into view.
She is wielding a +1 spectral club.
Jessica shouts!
Jessica mumbles some strange words.
Jessica blinks!
Okay, then.
Jessica mumbles some strange words.
Jessica blinks!
You closely miss Jessica.
Jessica mumbles some strange words.
Jessica seems to speed up.
You hit Jessica but do no damage.
Jessica gestures wildly while chanting.
Jessica blinks!
Jessica grins evilly.
Jessica points at you and mumbles some strange words.
Pain shoots through your body! Jessica gestures at you while chanting.
Pain shoots through your body!
Ouch! That really hurt!
* * * LOW HITPOINT WARNING * * *
A rock wall.
You closely miss Jessica. You block Jessica's attack.
Jessica casts a spell at you.
You feel yourself slow down.
You sock Jessica! You block Jessica's attack. Jessica closely misses you.
Jessica gestures at you while chanting. Pain shoots through your body!
Ouch! That really hurt!
You die...

.........#
##.........
.(.......#
#.........# #########
#.........#
#.........#
#........# #
+..ยง.@...#
#.#.###........#
.......@#############
........@...........#
..#####.###########.#
#.# #.# #.# #.# #.#
###### #.### #.#
#....###.#<# #.#
#.#..#.#.#.# #.#
#.#..#.#.#.# #.#
#........#.#


You could see Jessica (fast).

Vanquished Creatures
  A giant cockroach (D:1)
  3 goblins
  6 hobgoblins
  A ball python (D:1)
  4 bats
  A kobold (D:1)
  5 rats (D:1)
21 creatures vanquished.

Notes
Turn   | Place    | Note
-------+----------+-------------------------------------------
     0 | D:1      | GeoRichter the Demonspawn Warper began the quest for the
                  | Orb.
     0 | D:1      | Reached XP level 1. HP: 16/16 MP: 3/3
   189 | D:1      | Found a faded altar of an unknown god.
   232 | D:1      | Gained mutation: A meltable shield of frost defends you.
                  | (SH +4) [demonic ancestry]
   232 | D:1      | Reached XP level 2. HP: 11/22 MP: 5/5
   615 | D:1      | Learned a level 1 spell: Necrotise
   718 | D:1      | You fall into a shaft and drop 1 floor!
  1076 | D:2      | Noticed Jessica
  1086 | D:2      | Killed from afar by Jessica

Illustrated notes

Levels and vault maps discovered:
D:1:      giann_forest_graveyard, layout_rooms, ebering_ecumenical_altar_rust,
          serial_bayou_pond_b
D:2:      layout_basic, uniq_jessica

Skill      XL: |  1 |
---------------+----+-----
Maces & Flails | 2 |  2.8
Fighting       | |  2.0
Throwing       | |  0.8
Armour         | |  0.8
Dodging        | |  1.7
Spellcasting   | |  2.0
Necromancy     | |  0.7
Translocations | |  2.6

Action                   || total
-------------------------++-------
Melee: Mace              ||    80
Armor: Leather armour    ||    16
       Ring mail         ||    13
Dodge: Dodged            ||    53
Block: Other             ||     8
